[Event "FIDE WTC Prel-A 2022"]
[Site "Jerusalem"]
[Date "2022.11.21"]
[Round "3.1"]
[White "Vachier-Lagrave, Maxime"]
[Black "Santos Latasa, Jaime"]
[Result "1-0"]
[ECO "D38"]
[WhiteElo "2736"]
[BlackElo "2665"]
[Annotator "TA"]
[PlyCount "107"]
[EventDate "2022.11.20"]
[EventType "team-tourn"]
[EventCountry "ISR"]
[SourceTitle "playchess.com"]
[Source "ChessBase"]
[SourceQuality "1"]
[WhiteTeam "France"]
[BlackTeam "Spain"]
[WhiteTeamCountry "FRA"]
[BlackTeamCountry "ESP"]
[TimeControl "2700+10"]

1. d4 Nf6 2. c4 e6 3. Nc3 Bb4 4. Nf3 d5 5. Qa4+ Nc6 6. e3 O-O 7. Qc2 {[%emt 0:00:06] D38: Queen's Gambit Declined: Ragozin Defence (4 Nf3 Bb4).} Re8 8. Bd2 Bf8 9. Be2 {[%emt 0:01:29] The position is equal.} Nb4 10. Qb1 dxc4 11. Bxc4 b6 12. a3 Ba6 13. Be2 Bxe2 14. Nxe2 Nbd5 15. e4 Ne7 {[%emt 0:00:10] [#]} 16. O-O $146 ({Predecessor:} 16. e5 Nfd5 17. Ng5 Ng6 18. h4 Be7 19. Nxh7 Bxh4 20. g3 Kxh7 21. gxh4 Kh8 22. Qe4 {1-0 (42) Giri,A (2764)-Navara,D (2681) chess24.com INT 2022}) 16... Ng6 17. e5 Nd5 18. Qe4 f5 19. exf6 Qxf6 20. Nc3 Nxc3 21. bxc3 Qf5 22. Rfe1 Bd6 23. a4 h6 24. g3 Kf7 25. Kg2 Qxe4 26. Rxe4 e5 27. d5 c6 28. dxc6 Rac8 29. a5 Rxc6 30. axb6 axb6 31. Rae1 Bc7 32. h4 Rce6 33. Be3 Nf8 (33... Rc6 $11) 34. Rc4 $16 R8e7 35. Rb1 {[%emt 0:01:01] White is much more active.} Nh7 36. Rcb4 Rc6 37. c4 Nf6 38. Nd2 Ree6 39. Kf3 e4+ 40. Ke2 Ng4 41. Ra4 Kg6 42. Rb5 Bd6 (42... Kh7 $11) 43. h5+ Kh7 (43... Kf7 $16) 44. Rxb6 $18 Rxb6 45. Bxb6 Bxg3 (45... e3 $16 {was necessary.}) 46. fxg3 Rxb6 47. Nxe4 {[%emt 0:00:20][%mdl 4096] Endgame KRN-KRN} Rb3 {[%emt 0:01:45] [#] White must now prevent ...Re3+.} 48. c5 {[%emt 0:00:05] Hoping for c6.} Ne5 49. Ra8 Rb4 (49... Rb2+ $16 {keeps fighting.} 50. Ke3 Rb1) 50. Ke3 Rc4 $2 (50... Nc4+ 51. Kf3 Rb1) 51. Re8 Nc6 52. Kf4 (52. g4 $142) 52... Rd4 $2 {[%emt 0:00:16] [#]} (52... Rc1 {was called for.} 53. g4 Nb4) 53. g4 Rd5 (53... Nd8 $18 54. Kf3 Rd5) 54. g5 {[%emt 0:00:09] Weighted Error Value: White=0.13 (very precise) /Black=0.37} 1-0

[Event "FIDE WTC Prel-A 2022"]
[Site "Jerusalem"]
[Date "2022.11.21"]
[Round "3.2"]
[White "Anton Guijarro, David"]
[Black "Moussard, Jules"]
[Result "1-0"]
[ECO "D58"]
[WhiteElo "2668"]
[BlackElo "2676"]
[Annotator "TA"]
[PlyCount "247"]
[EventDate "2022.11.20"]
[EventType "team-tourn"]
[EventCountry "ISR"]
[SourceTitle "playchess.com"]
[Source "ChessBase"]
[SourceQuality "1"]
[WhiteTeam "Spain"]
[BlackTeam "France"]
[WhiteTeamCountry "ESP"]
[BlackTeamCountry "FRA"]
[TimeControl "2700+10"]

1. d4 Nf6 2. c4 e6 3. Nc3 d5 4. Bg5 Be7 5. e3 h6 6. Bh4 O-O 7. Nf3 b6 8. Qb3 Bb7 9. Bxf6 Bxf6 10. cxd5 exd5 11. Rd1 Re8 12. Be2 {[%emt 0:00:21] has lost popularity (12.Bd3).} c6 13. O-O Nd7 {[%emt 0:00:51] [#]} 14. h3 $1 $146 {[%emt 0:01:56][%mdl 8] An important novelty. D58: Queen's Gambit Declined: Tartakower Defence.} ({Predecessor:} 14. Bd3 Nf8 15. e4 g6 16. e5 Bg7 17. Rfe1 Ne6 18. Bb1 Qe7 19. Qc2 c5 20. dxc5 d4 21. Ne4 Nxc5 {½-½ (66) Gupta,A (2588)-Meier,G (2639) Chess.com INT 2018}) 14... Be7 15. e4 Nf6 16. e5 {[%emt 0:10:27] White has an edge.} Nh7 17. Bd3 Nf8 18. Ne2 Ne6 19. Bf5 Bf8 20. Bxe6 (20. Rfe1 {is more complex.} Qe7 21. Qd3 c5 22. Bxe6 fxe6 23. Qg6) 20... Rxe6 21. Rfe1 Re8 22. Nh2 c5 23. f4 Rc8 24. Qg3 Qd7 25. Ng4 Kh8 26. Kh2 a5 27. Ne3 a4 (27... Rcd8 $14) 28. dxc5 $16 Rxc5 29. a3 Rb5 30. Rd2 Bc5 31. Nd4 $1 (31. Nc3 Rb3 $14) 31... Bxd4 32. Rxd4 Rxb2 33. Nc4 Rb3 34. Qf2 (34. Re3 $1 $14) 34... Rf8 (34... Bc6 $11) 35. Nd6 (35. f5 $1 $16 ) 35... f6 36. Qd2 Bc6 (36... Rxa3 $2 37. Nxb7 fxe5 38. fxe5 $18 (38. Qb4 Ra8 $14)) 37. Qc2 fxe5 38. fxe5 Rxa3 39. Qg6 (39. Rdd1 $11) 39... Rf2 (39... Ra2 $17 {Strongly threatening ...Raf2.} 40. Re3 Raf2) 40. Kg1 Raa2 41. Rg4 {[%emt 0:00:06] aiming for Rc1.} Qe7 42. Nf5 Rxf5 43. Qxf5 $18 {[%emt 0:00:02] Really sharp!} d4 (43... Bb5 $142 44. e6 Qc5+ 45. Kh2 (45. Kh1 Rf2 $18) 45... Rf2) 44. e6 (44. Qc8+ Be8 $14) 44... Kg8 $2 (44... Be8 45. Rxd4 Rb2) 45. Rc1 Be8 46. Rxd4 $2 (46. Rc8 {White threatens Qg6 and mate.} d3 47. Qg6 Qc5+ 48. Kh2 Qe5+ 49. Rg3 Rxg2+ 50. Kxg2 Qe2+ 51. Kh1) 46... Re2 47. Re4 Rxe4 (47... Rd2 {was necessary.} 48. Rc8 Rd1+ 49. Kh2 Rd8 50. Rxd8 Qxd8) 48. Qxe4 {[%emt 0:00:01][%mdl 4096] Endgame KQR-KQB} a3 49. Rc8 b5 50. Qc6 Kf8 51. Qf3+ Kg8 52. Qc6 Kf8 53. Qxb5 Qxe6 54. Qb4+ (54. Qc5+ $142 Kg8 55. Ra8) 54... Kg8 55. Ra8 (55. Qb8 $1 $18 Kf7 56. Qc7+ Kg8 57. Ra8) 55... Qe3+ $11 56. Kh2 {[%emt 0:00:12] Threatens to win with Qb8.} Qe5+ 57. Kh1 {[%emt 0:00:05] Black must now prevent Qb8.} Qa1+ 58. Kh2 Qe5+ 59. Kg1 {[%emt 0:00:10] And now Qb8 would win.} Qe3+ $1 60. Kh1 Qc1+ 61. Kh2 Qc7+ 62. Kg1 Qc1+ 63. Kf2 (63. Kh2 Qc7+ 64. Kg1 Qc1+ 65. Kh2 $18) 63... Qc2+ 64. Ke3 Qc1+ $2 {[%emt 0:00:42][%mdl 8192] [#]} (64... a2 $11) 65. Qd2 $2 (65. Kf3 $1 $18 Qc6+ 66. Qe4 Qc3+ 67. Kf2 Qc5+ 68. Kf1 Qc1+ 69. Kf2 Qc5+ 70. Kf1 Qc1+ 71. Qe1 Qxe1+ 72. Kxe1) 65... Qc5+ $2 (65... Qc6 $1 $11 66. Qd8 (66. Qa2+ Kh7 $11) 66... Qc1+ 67. Qd2 Qc6 68. Qa2+ Kh7 69. Rxa3 Qb6+ 70. Kf3 Qf6+ 71. Kg3 Qd6+ 72. Kf3 (72. Kf2 Qd4+ 73. Re3 Qf4+ 74. Rf3 Qd4+ 75. Re3 Qf4+ 76. Rf3 Qd4+ 77. Re3 $11) 72... Qf6+ 73. Kg3 Qd6+ 74. Kf3 (74. Kf2 Qd4+ 75. Re3 Qf4+ 76. Rf3 Qd4+ 77. Re3 Qf4+ 78. Rf3 Qd4+ 79. Re3 $11) 74... Qf6+) 66. Qd4 $18 Qc6 $2 (66... Qb5 67. Kf2 a2 68. Rxa2 Bc6) 67. Qe4 {[%emt 0:00:17] Intending Qxc6 and mate. Active counter play!} Qxe4+ $2 (67... Qc3+ 68. Kf2 Qc5+ 69. Kf3 Qc3+ 70. Kf2 Qc5+ 71. Qe3 Qf8+ 72. Kg1 a2) 68. Kxe4 {[%emt 0:00:01] KR-KB} Kf7 69. Ra7+ Kf6 70. Kf4 g5+ 71. Ke3 h5 72. g3 $2 ({Better is} 72. Rxa3 $18 h4 73. Ra6+ Kf5 74. Ra5+ Kf6 75. Ra6+ Ke5 76. Ra5+ Kf6 77. Kd4) 72... Bb5 $2 (72... Bf7 $11) 73. Kf2 Bc4 74. Rxa3 Be6 75. Ra6 Ke5 76. Ra5+ Kf6 {[%emt 0:00:01] [#]} 77. Kg2 $1 Bd7 78. Kh2 Be6 79. Ra4 Bd7 80. h4 $4 gxh4 $4 (80... Bxa4 $19 81. Kg2 Kf5 82. Kh3 Bc6 83. Kh2 gxh4 84. gxh4 Kg4 85. Kg1 Kxh4 86. Kf2 Kg4 87. Ke3 h4 88. Kd4 h3 89. Kc5 Bf3 90. Kd6 h2 91. Ke6 h1=Q 92. Kd6 Qh6+ 93. Kc5 Qc6+ 94. Kd4 Kf4 95. Kd3 Qc5 96. Kd2 Qc4 97. Ke1 Qe2#) 81. Rxh4 {[%emt 0:00:09] Black is on the road to losing.} Bg4 {[%emt 0:00:34] White mates.} 82. Kg2 Ke5 83. Kf2 Kd4 84. Rh1 Ke4 85. Ra1 Kf5 86. Ke3 h4 87. gxh4 Kg6 88. Kf4 Be2 89. Ra2 Bc4 90. Rc2 Bd3 91. Rc5 Be2 92. Rd5 Kh6 93. Rd2 Bc4 94. Rd6+ Kh5 95. Rd8 Kh6 96. Rd4 Be2 97. Re4 Bd1 98. Re5 Kg6 99. Re1 Bc2 100. Re6+ Kh5 101. Re5+ Kg6 102. Re2 Bd1 103. Rd2 Bb3 104. Kg4 Be6+ 105. Kg3 Bb3 106. Rd4 Bc2 107. Rd6+ Kh5 108. Rd5+ Kg6 109. Kg4 Kf6 110. Rd6+ Kf7 111. Kg5 Bb1 112. Rd4 Bc2 113. Kh6 Bb1 114. Rf4+ Kg8 115. Rg4+ Kf7 116. Rg7+ Kf8 117. Rg5 Kf7 118. Kh5 Bc2 119. Kg4 Bd1+ 120. Kf4 Bc2 121. Ke5 Bd3 122. h5 Bc2 123. h6 Bg6 124. Rg3 {[%emt 0:00:05] Weighted Error Value: White=0.55/Black=0.38} 1-0

[Event "FIDE WTC Prel-A 2022"]
[Site "Jerusalem"]
[Date "2022.11.21"]
[Round "3.3"]
[White "Fressinet, Laurent"]
[Black "Shirov, Alexei"]
[Result "1/2-1/2"]
[ECO "D85"]
[WhiteElo "2622"]
[BlackElo "2666"]
[Annotator "TA"]
[PlyCount "68"]
[EventDate "2022.11.20"]
[EventType "team-tourn"]
[EventCountry "ISR"]
[SourceTitle "playchess.com"]
[Source "ChessBase"]
[SourceQuality "1"]
[WhiteTeam "France"]
[BlackTeam "Spain"]
[WhiteTeamCountry "FRA"]
[BlackTeamCountry "ESP"]
[TimeControl "2700+10"]

1. d4 Nf6 2. c4 g6 3. Nc3 d5 4. cxd5 Nxd5 5. e4 Nxc3 6. bxc3 Bg7 7. Be3 c5 8. Rc1 Qa5 9. Qd2 cxd4 10. cxd4 Qxd2+ 11. Bxd2 O-O {[%emt 0:00:53] D85: Exchange Grünfeld: Unusual White 7th moves and lines with 7 Nf3.} 12. Nf3 Bg4 $1 {[%emt 0:01:25] 12...Bg4 scores better than 12...e6.} 13. Be3 Nc6 {[%emt 0:01:35][%cal Bb8c6,Bc6d4,Bd4f3][%mdl 32] White has an edge.} 14. d5 Bxf3 15. gxf3 Nd4 16. Bh3 {[%emt 0:01:20] Against Rac8} f5 17. Rc7 Nxf3+ 18. Ke2 Nd4+ {[%emt 0:00:06] [#]} 19. Kd3 $146 ({Predecessor:} 19. Bxd4 Bxd4 20. exf5 gxf5 21. Rg1+ Kh8 22. Rxe7 Rae8 23. Re6 Rxe6+ 24. dxe6 Rf6 25. Kd3 Bxf2 {½-½ (64) Carlsen,M (2863)-Ding,L (2791) chess24.com INT 2020}) 19... fxe4+ 20. Kxe4 Nf5 21. Bxf5 gxf5+ (21... Rxf5 $11 {is more appropriate.} 22. Rxe7 Rd8) 22. Kf3 $14 Rf7 23. Rxb7 (23. Rd7 $14) 23... e6 24. Rxf7 Kxf7 {[%emt 0:00:02][%mdl 4096] Endgame KRB-KRB} 25. Rb1 {[%emt 0:02:36] And now Rb7+ would win.} exd5 {[%emt 0:00:18] The position is equal.} 26. Rb7+ Kg6 27. Rxa7 Rc8 28. Rd7 d4 29. Rd6+ Kh5 30. Bxd4 Bxd4 31. Rxd4 Rc3+ 32. Kg2 Ra3 33. Rd2 Kg4 34. h3+ Kg5 {[%emt 0:00:15] Weighted Error Value: White=0.05 (flawless) /Black=0.06 (flawless)} 1/2-1/2

[Event "FIDE WTC Prel-A 2022"]
[Site "Jerusalem"]
[Date "2022.11.21"]
[Round "3.4"]
[White "Yuffa, Daniil"]
[Black "Gharamian, Tigran"]
[Result "1/2-1/2"]
[ECO "E05"]
[WhiteElo "2587"]
[BlackElo "2601"]
[Annotator "TA"]
[PlyCount "154"]
[EventDate "2022.11.20"]
[EventType "team-tourn"]
[EventCountry "ISR"]
[SourceTitle "playchess.com"]
[Source "ChessBase"]
[SourceQuality "1"]
[WhiteTeam "Spain"]
[BlackTeam "France"]
[WhiteTeamCountry "ESP"]
[BlackTeamCountry "FRA"]
[TimeControl "2700+10"]

1. Nf3 d5 2. g3 Nf6 3. Bg2 e6 4. c4 Be7 5. O-O O-O 6. d4 dxc4 7. Qc2 a6 8. a4 Bd7 9. Rd1 {[%emt 0:00:15][%mdl 1024] White has compensation. E05: Open Catalan: 5 Nf3 Be7.} Bc6 10. Bg5 $1 {[%emt 0:00:03][%mdl 4] is recently more successful than 10.Nc3.} Nbd7 11. Nbd2 {[%emt 0:00:10] White has an edge.} b5 12. b3 {[%emt 0:00:07] [#]} Bxf3 $146 ({Predecessor:} 12... Rc8 13. bxc4 bxc4 14. Qxc4 Bd5 15. Qxa6 c5 16. Qd3 cxd4 17. Qxd4 h6 18. Be3 Qa5 {½-½ (32) Dubov,D (2690)-Nakamura,H (2736) Moscow 2019}) 13. Bxf3 cxb3 14. Nxb3 Nd5 15. Bxe7 (15. Bd2 {keeps more tension.} Rc8 16. axb5 axb5 17. Qc6) 15... Qxe7 16. Bxd5 (16. axb5 {feels hotter.} axb5 17. Bxd5 exd5 18. Qxc7 Rxa1 19. Rxa1 Qb4 20. Qc2) 16... exd5 17. axb5 (17. Qxc7 {is interesting.} b4 18. Qb7 a5 19. Qxd5 Nf6 20. Qe5) 17... axb5 18. Qxc7 Rxa1 19. Rxa1 {[%emt 0:00:11][%cal Bd1a1,Ba1a5,Ba5b5,Bb5b8][%mdl 32] [#] And now Nc5 would win.} Qb4 20. Qxd7 {[%emt 0:12:17] The position is equal.} Qxb3 $11 {[%emt 0:00:11][%mdl 4096] Endgame KQR-KQR} 21. Qe7 Qb2 22. Ra5 Qxd4 23. Rxb5 g6 24. Kg2 Qe4+ 25. Qxe4 dxe4 {[%emt 0:00:01] KR-KR} 26. g4 f5 27. gxf5 Rxf5 28. Rb8+ Kg7 29. h4 h5 30. e3 Re5 {[%emt 0:00:28] Prevents Re8.} 31. Kg3 Kf7 32. Rb6 Rf5 33. Rb4 Re5 34. Rb2 Rf5 35. Rb7+ Kf6 36. Rc7 Rf3+ 37. Kg2 Rf5 38. Rc4 Re5 39. Kg3 Kf7 40. Ra4 Kf6 41. Ra8 Kf7 42. Ra6 Rf5 43. Ra4 Re5 44. Ra2 Rf5 45. Rb2 Kf6 46. Rb4 Re5 47. Rc4 Kf7 48. Rd4 Kf6 49. Rd1 Rf5 50. Rd6+ Kf7 51. Rb6 Rf3+ 52. Kg2 Rf5 53. Kf1 Ra5 54. Kg1 Rf5 55. Kg2 Re5 56. Kg3 Rf5 57. Rb4 Re5 58. Ra4 Kf6 59. Ra6+ Kf7 60. Rb6 Rf5 61. Rb7+ Kf6 62. Ra7 Rf3+ 63. Kg2 Rf5 64. Rb7 Re5 65. Rc7 Rf5 66. Rc4 Re5 67. Kg3 Kf7 68. Ra4 Kf6 69. Rb4 Kf7 70. f4 exf3 71. Kxf3 g5 72. hxg5 Rxg5 73. Rb6 Rf5+ 74. Kg3 Rf6 75. Rxf6+ Kxf6 76. Kh4 Ke5 77. Kxh5 Ke4 {[%emt 0:00:00] Weighted Error Value: White=0.01 (flawless) /Black=0.01 (flawless)} 1/2-1/2

[Event "FIDE WTC Prel-A 2022"]
[Site "Jerusalem"]
[Date "2022.11.21"]
[Round "3.5"]
[White "Solomon, Kenny"]
[Black "Van Foreest, Jorden"]
[Result "0-1"]
[ECO "D37"]
[WhiteElo "2355"]
[BlackElo "2690"]
[Annotator "TA"]
[PlyCount "90"]
[EventDate "2022.11.20"]
[EventType "team-tourn"]
[EventCountry "ISR"]
[SourceTitle "playchess.com"]
[Source "ChessBase"]
[SourceQuality "1"]
[WhiteTeam "South Africa"]
[BlackTeam "Netherlands"]
[WhiteTeamCountry "RSA"]
[BlackTeamCountry "NED"]
[TimeControl "2700+10"]

1. d4 Nf6 2. c4 e6 3. Nf3 a6 4. Nc3 d5 5. cxd5 exd5 6. Bg5 {[%emt 0:00:01] D37: Queen's Gambit Declined: 5 Bf4.} Be6 7. e3 Nbd7 8. Bd3 {[%emt 0:00:10] White has an edge.} c6 9. Qb3 Ra7 10. Qc2 Bd6 11. Bf4 Qc7 12. Bxd6 Qxd6 13. h3 O-O 14. O-O Re8 {[%emt 0:00:38] [#]} 15. a3 $146 ({Predecessor:} 15. Rab1 a5 16. a3 g6 17. Rfc1 Kg7 18. b4 axb4 19. axb4 b5 20. Ne2 Ra6 21. Nf4 {0-1 (55) Smirnov,A (2406)-Motylev,A (2639) Bryansk 2021}) 15... g6 16. Rfe1 Nb6 17. b4 Qe7 18. Qb2 Ne4 (18... Raa8 $11) 19. Nxe4 ({White should play} 19. Bxe4 $16 dxe4 20. Nxe4) 19... dxe4 $14 20. Bxe4 Bxh3 $1 21. Bd3 ({Reject} 21. gxh3 Qxe4 22. Ne5 f6 23. Qa2+ Nd5 $15) 21... Be6 22. e4 Raa8 23. a4 Rad8 24. b5 axb5 25. axb5 c5 26. d5 c4 {[%emt 0:02:32] [#]} (26... f6 $16 {was worth a try.}) 27. Bf1 $1 $18 ({Of course not} 27. dxe6 $6 cxd3 28. exf7+ Qxf7 $11) 27... Bg4 28. Qd4 Qc7 29. Nh2 (29. Nd2 $18) 29... h5 $16 30. Rac1 (30. Rec1 $16) 30... Rc8 $14 31. Nxg4 hxg4 32. e5 (32. g3 $14) 32... Qc5 33. Qxg4 {[%emt 0:00:00] And now e6 would win.} Qxd5 34. Rcd1 Qe6 35. Qf3 {[%emt 0:00:00] aiming for Rd6.} c3 36. Rc1 Nd5 37. Re4 Nf6 38. Re3 Ng4 39. Rexc3 Qxe5 40. g3 Qh8 41. Bg2 Rxc3 $40 {[%emt 0:03:11][%mdl 128] Black mounts an attack.} 42. Qxc3 Qh2+ 43. Kf1 Qh5 44. Qc4 Qf5 45. Rc2 {[%emt 0:00:10][%mdl 8192] [#]} (45. Qc5 $11 Qf6 46. Kg1) 45... Ne3+ {[%emt 0:00:02] Never resign too early!  Weighted Error Value: White=0.26 (precise) /Black=0.08 (flawless)} 0-1

[Event "FIDE WTC Prel-A 2022"]
[Site "Jerusalem"]
[Date "2022.11.21"]
[Round "3.6"]
[White "Van Foreest, Lucas"]
[Black "Cawdery, Daniel"]
[Result "1-0"]
[ECO "A57"]
[WhiteElo "2585"]
[BlackElo "2396"]
[Annotator "TA"]
[PlyCount "47"]
[EventDate "2022.11.20"]
[EventType "team-tourn"]
[EventCountry "ISR"]
[SourceTitle "playchess.com"]
[Source "ChessBase"]
[SourceQuality "1"]
[WhiteTeam "Netherlands"]
[BlackTeam "South Africa"]
[WhiteTeamCountry "NED"]
[BlackTeamCountry "RSA"]
[TimeControl "2700+10"]

1. d4 Nf6 2. c4 c5 3. d5 b5 4. cxb5 a6 5. e3 g6 6. Nc3 Bg7 7. a4 O-O 8. e4 d6 9. Nf3 axb5 10. Bxb5 Ba6 11. Bxa6 Nxa6 12. O-O Nd7 {[%emt 0:06:04] A57: Benko/Volga Gambit.} 13. Rb1 {[%emt 0:08:46] [#]} Nb4 $146 (13... Nb6 $14) ({Predecessor:} 13... Qa5 14. Nb5 Rfc8 15. Bd2 Qb6 16. Bc3 Nc7 17. Bxg7 Kxg7 18. Na3 Qb4 19. e5 Qxa4 20. exd6 exd6 21. Qd3 Nf6 22. Nc4 Qa6 23. Ng5 Nfxd5 24. Ne4 Nb4 {0-1 (24) Tomovska,I (2049)-Gocheva,R (2218) Pamporovo 2001}) 14. Nb5 $16 c4 {[%emt 0:04:48] White is better.} 15. Nfd4 (15. b3 $16) 15... Nc5 $14 16. Bd2 Nbd3 17. Nc6 Qd7 18. Bc3 e5 ({Don't play} 18... Nxe4 19. Bxg7 Kxg7 20. Qc2 $14) (18... Rxa4 $11 19. Bxg7 Kxg7) 19. a5 $16 {[%emt 0:02:14][%cal Ba4a5,Ba5a6,Ba6a7][%mdl 32] [#] Threatens to win with Na3.} Nxe4 20. Na3 Nxc3 $2 {[%emt 0:13:36] This move loses the game for Black.} (20... Nf6 $16 21. Nxc4 Nxd5 22. N6xe5 dxe5 23. Qxd3 Qe6) 21. bxc3 $18 e4 22. Nxc4 Rae8 $2 {[%emt 0:00:09] [#]} (22... Qc7 {might work better.} 23. Nb6 Ra6) 23. a6 Qf5 24. a7 {[%emt 0:17:35] Weighted Error Value: White=0.10 (very precise) /Black=0.69} 1-0

[Event "FIDE WTC Prel-A 2022"]
[Site "Jerusalem"]
[Date "2022.11.21"]
[Round "3.7"]
[White "Barrish, Daniel"]
[Black "Warmerdam, Max"]
[Result "0-1"]
[ECO "D31"]
[WhiteElo "2257"]
[BlackElo "2617"]
[Annotator "TA"]
[PlyCount "62"]
[EventDate "2022.11.20"]
[EventType "team-tourn"]
[EventCountry "ISR"]
[SourceTitle "playchess.com"]
[Source "ChessBase"]
[SourceQuality "1"]
[WhiteTeam "South Africa"]
[BlackTeam "Netherlands"]
[WhiteTeamCountry "RSA"]
[BlackTeamCountry "NED"]
[TimeControl "2700+10"]

1. d4 d5 2. c4 e6 3. Nc3 a6 4. cxd5 exd5 5. Bf4 Nf6 6. e3 {[%emt 0:00:08] D31: Queen's Gambit Declined: Semi-Slav without ...Nf6 (+ Marshall Gambit and Noteboom) and Exchange Variation lines without ...Nf6.} Bd6 7. Bg5 c6 8. Bd3 {[%emt 0:00:18] White has an edge.} O-O 9. Qc2 {[%emt 0:01:16][%cal Od3h7] And now Bxh7+! would win.} h6 10. Bh4 Re8 11. Nge2 a5 12. h3 Na6 13. a3 {[%emt 0:00:25] Prevents Nb4.} Nc7 14. O-O {[%emt 0:00:44] 14.Bf5 is the recent fashion.} Ne6 15. Rab1 Ng5 {[%emt 0:02:08] [#]} 16. Kh1 $146 (16. f4 $5 Ne6 17. Ng3 $11) ({Predecessor:} 16. Bf5 Bxf5 17. Qxf5 Nfe4 18. Nxe4 Rxe4 19. Bxg5 hxg5 20. g3 g6 21. Qf3 Qe7 22. Nc3 {0-1 (53) Durak,C (2275)-Warmerdam,M (2535) Belgrade 2021}) 16... Bd7 17. Ng3 (17. f4 $5 Ne6 18. e4 dxe4 19. Nxe4 $11) 17... Qc8 18. f4 Ngh7 (18... Nge4 $5) 19. e4 dxe4 20. Ngxe4 Be7 21. Nf2 Nf8 22. f5 N8h7 23. Rbe1 Qc7 24. Re5 (24. Bc4 $142 Bd8 25. Nd3 Rxe1 26. Bxe1) 24... Qb6 $11 25. Rfe1 Qxd4 26. Rxe7 Qxh4 27. Qb3 Ng5 28. Bc4 $2 {[%emt 0:01:36][%mdl 8192] [#] Now White is beyond hope.} Rxe7 $19 {[%emt 0:00:10] Black is clearly winning.} 29. Rxe7 Qxf2 30. Qxb7 Re8 31. Rxe8+ Bxe8 {[%emt 0:00:02] Weighted Error Value: White=0.33/Black=0.10 (very precise)} 0-1

[Event "FIDE WTC Prel-A 2022"]
[Site "Jerusalem"]
[Date "2022.11.21"]
[Round "3.8"]
[White "Kevlishvili, Robby"]
[Black "Mhango, Banele"]
[Result "1-0"]
[ECO "B90"]
[WhiteElo "2536"]
[BlackElo "2210"]
[Annotator "TA"]
[PlyCount "69"]
[EventDate "2022.11.20"]
[EventType "team-tourn"]
[EventCountry "ISR"]
[SourceTitle "playchess.com"]
[Source "ChessBase"]
[SourceQuality "1"]
[WhiteTeam "Netherlands"]
[BlackTeam "South Africa"]
[WhiteTeamCountry "NED"]
[BlackTeamCountry "RSA"]
[TimeControl "2700+10"]

1. e4 c5 2. Nf3 d6 3. d4 cxd4 4. Nxd4 Nf6 5. Nc3 a6 6. Be3 e5 7. Nf3 Qc7 8. a4 Be7 9. Be2 O-O 10. a5 h6 11. O-O Be6 12. Nd5 {[%emt 0:01:13] B90: Sicilian Najdorf: Unusual White 6th moves, 6 Be3 Ng4 and 6 Be3 e5.} Bxd5 (12... Nxd5 $11 13. exd5 Bf5) 13. exd5 $16 Nbd7 14. c4 {[%emt 0:00:26] Prevents b5. White is better.} Rfe8 {[%emt 0:04:38] [#]} 15. b4 $146 ({Predecessor:} 15. Nd2 Bf8 16. b4 Rac8 17. Rc1 e4 18. Qb3 Qd8 19. Rc2 Ne5 20. f3 exf3 21. Nxf3 {0-1 (31) Esquivias Quintero,L (2134)-Garriga Cazorla,P (2461) Salobrena 2015}) 15... Bf8 16. h3 Nh5 17. Re1 g6 18. Rc1 Kh7 19. Nd2 Ng7 20. Bd3 f5 21. Nb3 f4 (21... Nf6 $16 {keeps fighting.}) 22. Qg4 $18 e4 23. Bb6 ({Weaker is} 23. Qxf4 exd3 24. Qxh6+ Kg8 $14) 23... Nxb6 $2 {[%emt 0:01:39] [#]} (23... Ne5 24. Bxc7 Nxg4) 24. axb6 {[%emt 0:00:11] White is clearly winning.} Qf7 25. Bxe4 Re5 26. Bd3 Rae8 27. Rxe5 dxe5 28. Nc5 Bxc5 (28... Nf5 $142 29. Re1 a5) 29. bxc5 e4 30. Bb1 h5 (30... Qf6 $142 31. Re1 h5) 31. Qg5 e3 32. fxe3 fxe3 33. Rf1 e2 34. Rxf7 {[%emt 0:00:04] Active counter play!} e1=Q+ 35. Rf1 {[%emt 0:00:02] Weighted Error Value: White=0.15 (very precise) /Black=0.46} 1-0

[Event "FIDE WTC Prel-A 2022"]
[Site "Jerusalem"]
[Date "2022.11.21"]
[Round "3.9"]
[White "Lu, Shanglei"]
[Black "Ivanchuk, Vasyl"]
[Result "1/2-1/2"]
[ECO "C43"]
[WhiteElo "2605"]
[BlackElo "2673"]
[Annotator "TA"]
[PlyCount "29"]
[EventDate "2022.11.20"]
[EventType "team-tourn"]
[EventCountry "ISR"]
[SourceTitle "playchess.com"]
[Source "ChessBase"]
[SourceQuality "1"]
[WhiteTeam "China"]
[BlackTeam "Ukraine"]
[WhiteTeamCountry "CHN"]
[BlackTeamCountry "UKR"]
[TimeControl "2700+10"]

1. e4 e5 2. Nf3 Nf6 3. d4 Nxe4 4. dxe5 Bc5 5. Bc4 Nxf2 {[%emt 0:00:06] The position is equal.} (5... Bxf2+ $2 6. Kf1 d5 7. Qxd5 Qxd5 8. Bxd5 $16) 6. Bxf7+ $1 {[%emt 0:00:46][%mdl 64] [#] Decoy. C43: Petroff Defence: 3 d4.} Kxf7 7. Qd5+ Kg6 8. Qxc5 Nxh1 9. Nc3 {[%emt 0:02:16] Nd5 is the strong threat.} h6 {[%emt 0:04:08] [#] And now ...Kh7 would win.} ({Resist} 9... d5 10. Nxd5 h6 11. Qc4 $16) 10. Qc4 {[%emt 0:01:33] Black must now prevent Nd5.} Nc6 $5 {[%emt 0:04:59][%mdl 4] [#] Exploring less charted territory.} 11. Nh4+ $5 $146 {[%emt 0:21:10][%mdl 8] White has compensation. New and interesting.} ({Predecessor:} 11. Nd5 d6 12. Nf4+ Kh7 13. Qe4+ Kg8 14. Qd5+ Kh7 15. Qe4+ Kg8 16. Qd5+ Kh7 17. Qe4+ {½-½ (17) Anton Guijarro,D (2692)-Vidit,S (2723) Prague 2022}) 11... Kh7 12. Qe4+ Kg8 13. Qd5+ Kh7 14. Qe4+ Kg8 {[%emt 0:00:02][%cal Oc6e5] Hoping for ...Nxe5!} 15. Qd5+ {[%emt 0:00:22] An interesting draw.  Weighted Error Value: White=0.02 (flawless) /Black=0.03 (flawless)} 1/2-1/2